 Dungeon Crawl Stone Soup version 0.30.1-11-g7821555f0a (webtiles) character file.

Game seed: 13612855510069946793

61794 Gabide the Brawler (level 14, -1/119 HPs)
             Began as a Mummy Berserker on Nov 13, 2023.
             Was an Elder of Trog.
             Killed from afar by a starcursed mass (8 damage)
             ... with an accursed screaming
             ... on level 3 of the Abyss.
             The game lasted 01:02:24 (19610 turns).

Gabide the Brawler (Mummy Berserker)               Turns: 19610, Time: 01:02:24

Health: -1/119     AC: 11    Str: 26      XL:     14   Next: 61%
Magic:  14/14      EV: 18    Int:  6      God:    Trog [****..]
Gold:   2448       SH:  0    Dex:  9 (11) Spells: 13/13 levels left

rFire   . .          .
                       - Unarmed
rCold   + . .        i - orb {light}
rNeg    + + +        L - +0 scale mail {rF+}
rPois   ∞            s - +0 helmet
rElec   .            w - +0 cloak
rCorr   .            M - +0 pair of gloves
SInv    .            h - +0 pair of boots
Will    ++++.        J - amulet of regeneration Stlth
                     q - +5 ring of evasion
HPRegen 2.19/turn    g - ring of willpower
MPRegen 0.14/turn

%: faith
@: about to teleport, silenced, strong-willed, regenerating, glowing
A: cold resistance 1, negative energy resistance 3, torment resistance 2, heat
vulnerability 1, in touch with death 2, no potions, faith
a: Renounce Religion


You were on level 3 of the Abyss.
You worshipped Trog.
Trog was greatly pleased with you.
You visited 3 branches of the dungeon, and saw 17 of its levels.
You visited the Abyss 1 time.
You also visited: Sewer and Ice Cave.

You collected 3844 gold pieces.
You spent 1396 gold pieces at shops.

Inventory:

Hand Weapons
 b - a +11 sling of flaming
Missiles
 c - 3 curare-tipped darts
 u - 2 boomerangs of dispersal
 H - a datura-tipped dart
Armour
 a - +0 acid dragon scales
 h - a +0 pair of boots (worn)
 i - an orb of light (worn)
 s - a +0 helmet (worn)
 v - a +2 chain mail of cold resistance
 w - a +0 cloak (worn)
 C - a +0 troll leather armour
 L - a +0 scale mail of fire resistance (worn)
 M - a +0 pair of gloves (worn)
Jewellery
 g - a ring of willpower (right hand)
 n - a ring of protection from cold
 q - a +5 ring of evasion (left hand)
 y - a ring of fire
 G - a ring of flight
 J - an amulet of regeneration (around neck)
 K - a +5 ring of evasion
Wands
 d - a wand of flame (13)
 j - a wand of mindburst (14)
 N - a wand of digging (5)
Scrolls
 e - a scroll of fog
 f - 2 scrolls of immolation
 l - 6 scrolls of enchant weapon
 r - 3 scrolls of magic mapping
 x - 15 scrolls of identify
 A - 3 scrolls of teleportation
Miscellaneous
 P - a condenser vane (inert)


   Skills:
 + Level 13.7 Fighting
 - Level 3.0 Armour
 + Level 10.6 Dodging
 + Level 15.9 Unarmed Combat


You had 13 spell levels left.
You didn't know any spells.
Your spell library was empty.

Dungeon Overview and Level Annotations

Branches:
Dungeon (11/15)            Temple (1/1) D:6            Lair (5/5) D:10
 Shoals (0/4) Lair:2       Spider (0/4) Lair:2        Slime (0/5) Lair:5
  Sewer (visited)           IceCv (visited)
    Orc: D:9-12

Altars:
Ashenzari
Cheibriados
Dithmenos
Fedhas
Gozag
Hepliaklqana
Kikubaaqudgha
Makhleb
Nemelex Xobeh
Okawaru
Qazlal
Ru
Sif Muna
Trog
Uskayaw
Vehumet
Wu Jian
Xom
Yredelemnul

Shops:
D:9 ?   D:10 (

Annotations:
D:11 Sonja
Lair:5 2 transporters, 1 runed translucent door, robbje's ghost, journeyman HuNe


Innate Abilities, Weirdness & Mutations

You are immune to poison.
Your flesh is cold resistant. (rC+)
You are immune to negative energy. (rN+++)
You are immune to unholy pain and torment.
You are vulnerable to heat. (rF-)
You are strongly in touch with the powers of death.
You do not drink.
You have a special connection with the divine. (Faith)


Message History

The wretched star glows turbulently.
The lance of force misses you.
Throw: 3 boomerangs (disperse)
Press: ? - help, Shift-Dir - straight line, f/p - tentacled starspawn
Aim: a tentacled starspawn (heavily damaged, 80% to hit)
You throw a boomerang of dispersal.
The boomerang of dispersal hits the wretched star and shatters for extra damage.
The wretched star blinks!
A chorus of shrieks assaults your mind.
* * * LOW HITPOINT WARNING * * *
Your skin stops crawling.
You feel less strong-willed.
The wretched star pulses with an eldritch light!
Unknown command.
The wretched star pulses with an eldritch light!
Your body decomposes!
You feel clumsy.
The wretched star pulses with an eldritch light!
A chorus of shrieks assaults your mind.
* * * LOW HITPOINT WARNING * * *
A starcursed mass splits.
A deafening chorus of shrieks assaults your mind!
* * * LOW HITPOINT WARNING * * *
The wretched star pulses with an eldritch light!
Your body decomposes!
You feel clumsy.
A starcursed mass splits.
Your skin crawls.
You feel strong-willed.
A deafening chorus of shrieks assaults your mind!
* * * LOW HITPOINT WARNING * * *
A starcursed mass splits.
The wretched star pulses with an eldritch light!
Unknown command.
Read: scroll of silence
Press: ? - help, Dir - look around, f - activate Look: a starcursed mass (moderately damaged, haloed)
As you read the scroll of silence, it crumbles to dust.
A profound silence engulfs you.
A deafening chorus of shrieks assaults your mind!
You die...

##..#.# #X...#.....
...#..#.###_#*....
.. #
#..##X###X#...#...
#.#....#.#X...... .
. ##..XX#X..........
. ##.#......#...
.##. .
#......X##......##
##.##.X........##...
. #.@..............
#.#....##..#.#.
###.#....#..#
#.##.#.##.# .#.
.#... . # .. .# # .#


You could see 7 starcursed masses, a tentacled starspawn and a wretched star.

Vanquished Creatures
  A tentacled starspawn (Abyss:2)
  A draconian monk (Abyss:2)
  A daeva (Abyss:2)
  A fire dragon (Lair:5)
  2 hydras (Lair:5)
  2 two-headed ogres
  A boulder beetle (Lair:5)
  6 death yaks (Lair:4)
  Amaemon (Lair:1)
  A wretched star (Abyss:2)
  3 skysharks
  A swamp dragon (Lair:5)
  A necromancer (Lair:2)
  5 oklob plants
  13 elephants
  2 ice statues (IceCv)
  7 black mambas
  A torpor snail (Lair:5)
  8 cane toads
  6 komodo dragons
  A dire elephant skeleton (Abyss:2)
  A tormentor (Abyss:2)
  7 rime drakes
  2 ancient zymes (Abyss:2)
  A troll (D:9)
  11 polar bears
  Grinder (Sewer)
  A hellwing (Abyss:2)
  18 blink frogs
  7 dream sheep (Lair:5)
  9 raiju
  5 culicivoras (Lair:2)
  A jumping spider (Lair:2)
  3 wraiths (D:10)
  4 wyverns
  24 yaks
  5 basilisks
  A large abomination (Abyss:2)
  A neqoxec (Abyss:2)
  6 steam dragons
  3 acid dragons
  5 wargs (Lair:5)
  10 hell hounds (Lair:5)
  Duvessa (D:4)
  12 water moccasins
  2 swamp drakes (Lair:5)
  4 orc warriors
  An ice beast (D:7)
  14 black bears
  A sky beast (Abyss:2)
  3 ogres
  20 wolves
  A centaur (D:9)
  3 phantoms
  14 bullfrogs
  2 kobold brigands (D:7)
  2 scorpions
  A small abomination (Abyss:2)
  6 wights
  Dowan (D:4)
  7 killer bees
  6 lindwurm simulacra (IceCv)
  An electric eel (Lair:1)
  A howler monkey (D:7)
  3 komodo dragon simulacra (IceCv)
  A gnoll bouda (D:4)
  10 orc priests
  3 starcursed masses (Abyss:3)
  A hound (D:6)
  An iguana (Lair:5)
  2 sleepcaps
  8 orc wizards
  7 hell rats (Lair:5)
  3 wolf simulacra (Lair:2)
  5 polar bear simulacra (Lair:2)
  2 yak simulacra (Lair:2)
  8 gnolls
  9 acid dragon simulacra (IceCv)
  8 adders
  2 river rats (D:3)
  A shadow imp (Sewer)
  2 white imps
  6 ufetubi (Sewer)
  3 steam dragon simulacra (IceCv)
  An adder zombie (Sewer)
  4 worms
  A dart slug (D:1)
  30 orcs
  6 bats
  5 endoplasms
  7 giant cockroaches
  6 hobgoblins
  2 jackals (D:3)
  25 kobolds
  5 quokkas
  8 ball pythons
  2 frilled lizards (D:1)
  6 goblins
  A kobold zombie (Sewer)
  6 rats
  A river rat simulacrum (Lair:2)
  A starspawn tentacle (Abyss:2)
496 creatures vanquished.

Vanquished Creatures (collateral kills)
  The ghost of Weugil the Slicer, a journeyman HaBe of Trog (Lair:2)
  An ice dragon (IceCv)
  An orange demon (Lair:1)
  A komodo dragon (Lair:2)
  A rime drake (IceCv)
  A blink frog (Lair:4)
  A large abomination (Abyss:2)
  8 yaks
  A warg (Lair:5)
  A water moccasin (Lair:4)
  2 hell hounds (Lair:5)
  2 wolves (Lair:5)
  4 killer bees
  An orc priest (D:9)
  An orc (D:9)
27 creatures vanquished.

Vanquished Creatures (others)
  3 raiju (Abyss:2)
  A killer bee (D:8)
  A lurking horror (Abyss:2)
  11 starspawn tentacles
16 creatures vanquished.

Grand Total: 539 creatures vanquished

Notes
Turn   | Place    | Note
-------+----------+-------------------------------------------
     0 | D:1      | Gabide the Mummy Berserker began the quest for the Orb.
     0 | D:1      | Reached XP level 1. HP: 18/18 MP: 1/1
   164 | D:1      | Reached XP level 2. HP: 22/24 MP: 2/2
   451 | D:1      | Reached ** piety under Trog
   477 | D:1      | Found a faded altar of an unknown god.
   771 | D:1      | Found a burning altar of Makhleb.
   778 | D:1      | Identified a scroll of acquirement
   780 | D:1      | Acquired 990 gold pieces
   888 | D:2      | Gained mutation: You are in touch with the powers of death.
                  | [Mummy growth]
   888 | D:2      | Reached XP level 3. HP: 22/29 MP: 3/3
  1464 | D:2      | Reached skill level 3 in Unarmed Combat
  1636 | D:3      | Found a burning altar of Makhleb.
  1771 | D:3      | Reached XP level 4. HP: 28/35 MP: 4/4
  1944 | D:3      | Reached XP level 5. HP: 21/41 MP: 5/5
  1968 | D:3      | Found a glowing drain.
  1979 | Sewer    | Entered a sewer
  2084 | Sewer    | Reached *** piety under Trog
  2207 | Sewer    | Found an ancient bone altar of Kikubaaqudgha.
  2227 | Sewer    | Reached skill level 4 in Unarmed Combat
  2304 | Sewer    | Noticed Grinder
  2306 | Sewer    | Reached XP level 6. HP: 47/47 MP: 6/6
  2320 | Sewer    | Paralysed by Grinder for 3 turns
  2330 | Sewer    | Killed Grinder
  2331 | Sewer    | Reached skill level 5 in Unarmed Combat
  2366 | Sewer    | Reached XP level 7. HP: 42/52 MP: 7/7
  3141 | D:4      | Noticed Duvessa
  3162 | D:4      | Killed Duvessa
  3163 | D:4      | Reached skill level 6 in Unarmed Combat
  3166 | D:4      | Noticed Dowan
  3176 | D:4      | Killed Dowan
  3265 | D:4      | Reached **** piety under Trog
  3394 | D:4      | Reached XP level 8. HP: 11/61 MP: 8/8
  3913 | D:4      | Acquired 1152 gold pieces
  4058 | D:5      | Entered Level 5 of the Dungeon
  4110 | D:5      | Found a stormy altar of Qazlal.
  4280 | D:5      | Reached skill level 5 in Fighting
  4347 | D:5      | Reached skill level 7 in Unarmed Combat
  4946 | D:6      | Reached ***** piety under Trog
  5305 | D:6      | Found a staircase to the Ecumenical Temple.
  5319 | Temple   | Entered the Ecumenical Temple
  5662 | D:6      | Reached skill level 8 in Unarmed Combat
  6192 | D:7      | Received a gift from Trog
  6221 | D:7      | Reached XP level 9. HP: 69/69 MP: 9/9
  6287 | D:7      | Found an iron altar of Okawaru.
  6287 | D:7      | Found an opulent altar of Gozag.
  6484 | D:7      | Reached skill level 9 in Unarmed Combat
  8221 | D:8      | Noticed a two-headed ogre
  8240 | D:8      | Killed a two-headed ogre
  8241 | D:8      | Reached skill level 10 in Unarmed Combat
  8241 | D:8      | Reached XP level 10. HP: 80/80 MP: 10/10
  9562 | D:9      | Found Poroir's Magic Scroll Shoppe.
  9570 | D:9      | Bought a scroll of silence for 123 gold pieces
  9570 | D:9      | Bought a scroll of teleportation for 39 gold pieces
  9570 | D:9      | Bought a scroll of identify for 26 gold pieces
  9570 | D:9      | Bought a scroll of poison for 52 gold pieces
  9570 | D:9      | Bought a scroll of fear for 52 gold pieces
  9570 | D:9      | Bought a scroll of fear for 52 gold pieces
  9570 | D:9      | Bought a scroll of amnesia for 52 gold pieces
  9570 | D:9      | Bought a scroll of torment for 123 gold pieces
  9808 | D:10     | Entered Level 10 of the Dungeon
  9812 | D:10     | Noticed a two-headed ogre
  9821 | D:10     | Reached skill level 5 in Dodging
  9946 | D:10     | Found a staircase to the Lair.
 10082 | D:10     | Reached skill level 11 in Unarmed Combat
 10185 | D:10     | Reached XP level 11. HP: 56/89 MP: 11/11
 10353 | D:10     | Killed a two-headed ogre
 10389 | D:10     | Found Eloic's Weapon Shop.
 10400 | D:10     | Bought a +11 sling for 877 gold pieces
 10949 | Lair:1   | Entered Level 1 of the Lair of Beasts
 11190 | Lair:1   | Reached skill level 12 in Unarmed Combat
 11437 | Lair:1   | Noticed Amaemon
 11451 | Lair:1   | Killed Amaemon
 11911 | Lair:1   | Reached skill level 10 in Fighting
 12027 | Lair:2   | Found a transporter.
 12030 | Lair:2   | Found a transporter.
 12030 | Lair:2   | Noticed Weugil's ghost (journeyman HaBe)
 12066 | Lair:2   | Reached XP level 12. HP: 32/97 MP: 12/12
 12328 | Lair:2   | Found a hole to the Spider Nest.
 12438 | Lair:2   | Found a staircase to the Shoals.
 13355 | Lair:3   | Reached skill level 13 in Unarmed Combat
 13390 | Lair:3   | You fall into a shaft and drop 2 floors!
 13390 | Lair:5   | Entered Level 5 of the Lair of Beasts
 13423 | Lair:5   | Found a frozen archway.
 13433 | IceCv    | Entered an ice cave
 13712 | IceCv    | Identified the staff of fire "Wimn" {rF+ Str+5 Int+4}
 14017 | IceCv    | Noticed an ice dragon
 14041 | IceCv    | Killed an ice dragon
 14523 | Lair:5   | Noticed a death yak
 14527 | Lair:5   | Noticed a boulder beetle
 14574 | Lair:5   | Killed a boulder beetle
 14610 | Lair:5   | Noticed a six-headed hydra
 14628 | Lair:5   | Found a transporter.
 14631 | Lair:5   | Found a transporter.
 14634 | Lair:5   | Killed a six-headed hydra
 14665 | Lair:5   | Noticed a catoblepas
 14670 | Lair:5   | Gained mutation: You are strongly in touch with the powers
                  | of death. [Mummy growth]
 14670 | Lair:5   | Reached XP level 13. HP: 107/107 MP: 13/13
 14998 | Lair:5   | Found a hazy altar of Hepliaklqana.
 15097 | Lair:5   | Reached skill level 14 in Unarmed Combat
 15131 | Lair:5   | Found a runed translucent door.
 15312 | Lair:5   | Noticed robbje's ghost (journeyman HuNe)
 15688 | Lair:5   | Received a gift from Trog
 15936 | Lair:5   | Reached skill level 15 in Unarmed Combat
 16320 | Lair:5   | Noticed a fire dragon
 16334 | Lair:5   | Killed a fire dragon
 16477 | Lair:5   | Noticed an acid blob
 16479 | Lair:5   | Found a staircase to the Slime Pits.
 16479 | Lair:5   | Noticed an acid blob
 17144 | Lair:4   | Reached XP level 14. HP: 75/116 MP: 14/14
 17320 | Lair:4   | Received a gift from Trog
 18110 | Lair:3   | Reached skill level 10 in Dodging
 19017 | Lair:2   | Killed Weugil's ghost
 19139 | D:11     | Noticed Sonja
 19139 | Abyss:2  | Cast into level 2 of the Abyss (Sonja)
 19211 | Abyss:2  | Noticed a tentacled starspawn
 19227 | Abyss:2  | Killed a tentacled starspawn
 19259 | Abyss:2  | Noticed a daeva
 19281 | Abyss:2  | Killed a daeva
 19320 | Abyss:2  | Noticed a green draconian monk
 19363 | Abyss:2  | Killed a green draconian monk
 19388 | Abyss:2  | Found a corrupted altar of Lugonu.
 19486 | Abyss:2  | Noticed a tentacled starspawn
 19524 | Abyss:2  | Noticed a tentacled starspawn
 19546 | Abyss:3  | Found a corrupted altar of Lugonu.
 19577 | Abyss:3  | Noticed a tentacled starspawn
 19608 | Abyss:3  | HP: 3/119 [starcursed mass/accursed screaming (8)]
 19610 | Abyss:3  | Killed from afar by a starcursed mass

Illustrated notes

Levels and vault maps discovered:
D:1:      dpeg_arrival_water_altar, layout_basic, ebering_ecumenical_altar_ruins
D:2:      layout_basic
D:3:      layout_basic, mainiacjoe_overflow_catwalk, gup_sewer_entry_bubbles,
          feat_on_display
D:4:      layout_loops_ring, uniq_duvessa
D:5:      layout_gridville, nicolae_qazlal_scattered_showers,
          minmay_misc_feat_encased, kennysheep_minor_cross
D:6:      layout_loops_ring, minmay_temple_entry_drinking_statues
D:7:      layout_loops_corners, nicolae_overflow_hidden_temple,
          minmay_unpleasant_kobolds
D:8:      layout_basic, mainiacjoe_overflow_24_doors, grunt_ministairs_7
D:9:      layout_basic, serial_shops, nicolae_shop_statue_plus
D:10:     layout_roguey, grunt_lair_entry_orc_guard_hut, serial_shops,
          nicolae_shop_tiny_waterfront, kennysheep_small_spiral,
          grunt_ministairs_4
D:11:     layout_gridville, evilmike_minifort, uniq_psyche, uniq_urug,
          uniq_sonja
Temple:   nicolae_temple_bog_church
Lair:1:   layout_regular_city, nicolae_quartered_pool_super, uniq_amaemon
Lair:2:   layout_cave_shapes, shoals_dummy_entry,
          nicolae_spider_entry_tight_spaces, gammafunk_ghost_arena,
          eino_house_with_fridge, grunt_megastairs_3
Lair:3:   layout_cave_pods
Lair:4:   minmay_lair_oklob_tunnel, layout_cave_pods, grunt_megastairs_1
Lair:5:   guppyfry_lair_end_dragon, layout_hall_layers,
          hangedman_lair_caniforms_friends, slime_entry_2, basic_altar,
          nzn_ghost_randoct, portal_ice_cave_rime
Abyss:3:  base: D:3, spicy_pingpong_abyss_rune

Skill      XL: |  1  2  3  4  5  6  7  8  9 10 11 12 13 14 |
---------------+-------------------------------------------+-----
Armour         | 2 3 |  3.0
Dodging        | 2 3 4 5 7 8 9 10 | 10.6
Unarmed Combat | 3 4 5 6 8 10 11 12 13 15 | 15.9
Fighting       | 4 6 8 9 10 11 12 13 | 13.7

Action                     |  1- 3 |  4- 6 |  7- 9 | 10-12 | 13-15 || total
---------------------------+-------+-------+-------+-------+-------++-------
  Melee: Unarmed           |   131 |   148 |   307 |   455 |   519 ||  1560
         Punch             |     1 |       |       |       |       ||     1
   Fire: Sling             |    60 |    35 |    66 |   256 |   289 ||   706
  Throw: Dart              |       |       |    12 |     6 |     3 ||    21
         Javelin           |       |       |     6 |     3 |     7 ||    16
         Boomerang         |       |       |     1 |     3 |    13 ||    17
         Throwing net      |       |       |       |     1 |     1 ||     2
 Invoke: Trog's Hand       |     3 |     2 |     4 |     5 |    15 ||    29
         Brothers in Arms  |       |       |       |     4 |     4 ||     8
  Evoke: Wand              |       |     3 |     8 |    10 |    14 ||    35
         Condenser vane    |       |       |       |       |     1 ||     1
    Use: Scroll            |     3 |       |    10 |     7 |    21 ||    41
   Stab: Paralysed         |       |       |       |     1 |       ||     1
         Distracted        |       |       |       |       |     1 ||     1
         Invisible         |       |       |       |       |     1 ||     1
 Armour: Animal skin       |    13 |       |       |       |       ||    13
         Chain mail        |    27 |    95 |   120 |    53 |       ||   295
         Leather armour    |     6 |       |       |       |       ||     6
         Steam dragon scal |       |       |    14 |     8 |       ||    22
         Troll leather arm |       |       |       |    69 |    31 ||   100
         Acid dragon scale |       |       |       |     5 |     9 ||    14
         Scale mail        |       |       |       |       |    76 ||    76
         Skin              |       |       |       |       |     1 ||     1
  Dodge: Dodged            |    90 |    95 |   122 |   351 |   480 ||  1138
